 Dungeon Crawl Stone Soup version 0.29-a0-834-g1e95ca9f62 (webtiles) character file.

Game seed: 195232640115667738

11295 avis the Skirmisher (level 11, -4/86 HPs)
             Began as a Demigod Ice Elementalist on July 12, 2022.
             Slain by a yak (8 damage)
             ... on level 1 of the Lair of Beasts on July 13, 2022.
             The game lasted 01:13:12 (14222 turns).

avis the Skirmisher (Demigod Ice Elementalist)     Turns: 14222, Time: 01:13:12

Health: -4/86      AC: 18    Str: 17    XL:     11   Next: 23%
Magic:  14/22      EV: 11    Int: 17    God:
Gold:   542        SH:  0    Dex: 26    Spells: 13/20 levels left

rFire   . . .      SeeInvis .   b - +7 war axe of Histuihi {freeze, Str+2}
rCold   . . .      Faith    .   (no shield)
rNeg    . . .      Spirit   .   C - +0 swamp dragon scales
rPois   +          Reflect  .   q - +0 helmet
rElec   .          Harm     .   R - +1 cloak
rCorr   .          Rampage  .   v - +2 pair of gloves
Will    +....                   i - +1 pair of boots
Stlth   ++........              (no amulet)
HPRegen 0.24/turn               z - +6 ring of strength
MPRegen 0.18/turn               (no ring)

@: ice-armoured, freezing walls, very slightly contaminated
A: high MP 1, forlorn, divine attributes
a: no special abilities


You were on level 1 of the Lair of Beasts.
You visited 3 branches of the dungeon, and saw 11 of its levels.

You collected 542 gold pieces.

Inventory:

Hand Weapons
 a - a +0 shortbow
 b - the +7 war axe of Histuihi (weapon) {freeze, Str+2}
   (You found it on level 3 of the Dungeon)

   It freezes those it strikes, dealing additional cold damage.
   It can also slow down cold-blooded creatures.
   Str:       It affects your strength (+2).
Missiles
 s - 8 poisoned darts
 K - a throwing net
Armour
 i - a +1 pair of boots (worn)
 q - a +0 helmet (worn)
 v - a +2 pair of gloves (worn)
 C - +0 swamp dragon scales (worn)
 R - a +1 cloak (worn)
Jewellery
 z - a +6 ring of strength (left hand)
Scrolls
 c - a scroll of brand weapon {unknown}
 g - a scroll of immolation {unknown}
 j - 4 scrolls of teleportation
 k - 3 scrolls of blinking {unknown}
 n - a scroll of summoning {unknown}
 u - a scroll of magic mapping {unknown}
 y - 3 scrolls of fog {unknown}
 E - a scroll of amnesia {unknown}
 I - 2 scrolls of fear {unknown}
 L - a scroll of vulnerability {unknown}
Potions
 d - 6 potions of lignification
 f - 3 potions of magic
 l - 4 potions of flight
 o - 2 potions of brilliance
 B - a potion of might


   Skills:
 - Level 5.0 Fighting
 * Level 13.3 Ranged Weapons
 - Level 1.7 Dodging
 - Level 1.7 Stealth
 - Level 5.0 Spellcasting
 - Level 8.0 Ice Magic


You had 13 spell levels left.
You knew the following spells:

 Your Spells              Type           Power      Damage    Failure   Level
a - Freeze                Ice            100%       1d11      1%          1
o - Ozocubu's Armour      Ice            31%        N/A       3%          3
r - Frozen Ramparts       Ice            62%        1d8       3%          3

Your spell library contained the following spells:

 Spells                   Type           Power      Damage    Failure   Level
 Summon Small Mammal      Summ           16%        N/A       26%         1
 Scorch                   Fire           8%         2d5       36%         2
 Hailstorm                Conj/Ice       17%        3d6       45%         4
 Call Canine Familiar     Summ           4%         N/A       61%         3
 Dazzling Flash           Conj/Hex       8%         N/A       61%         3
 Summon Guardian Golem    Hex/Summ       4%         N/A       61%         3
 Metabolic Englaciation   Hex/Ice        8%         N/A       80%         5
 Flame Wave               Conj/Fire      4%         2d5       95%         4
 Fulminant Prism          Conj/Hex       2%         3d6       95%         4
 Iskenderun's Mystic Bla  Conj/Tloc      4%         2d3       95%         4
 Agony                    Necr           4%         N/A       100%        5
 Lee's Rapid Deconstruct  Erth           2%         3d5*      100%        5
 Silence                  Hex/Air        2%         N/A       100%        5
 Summon Forest            Summ/Tloc      2%         N/A       100%        5
 Summon Mana Viper        Hex/Summ       4%         N/A       100%        5
 Simulacrum               Ice/Necr       8%         N/A       100%        6
 Summon Cactus Giant      Summ           2%         N/A       100%        6


Dungeon Overview and Level Annotations

Branches:
Dungeon (8/15)             Temple (1/1) D:6            Lair (2/6) D:8
  Swamp: Lair:2-4    Shoals: Lair:2-4     Snake: Lair:2-4    Spider: Lair:2-4

Shops:
D:2 =   D:7 :


Innate Abilities, Weirdness & Mutations

You have an increased reservoir of magic. (+10% MP)
You shall have no god before yourself.
Your divine heritage dramatically boosts your attributes as you level up.


Message History

Casting: Ozocubu's Armour (mildly dangerous; 3% risk of failure)
Confirm with . or Enter, or press ? or * to list all spells.
Casting: Frozen Ramparts (mildly dangerous; 3% risk of failure)
Press: ? - help, Dir - look around, f - activate A stone staircase leading down, spattered with blood.
You miscast Frozen Ramparts.
You are very lightly contaminated with residual magic.
Nothing appears to happen.
The yak gores you. The yak gores you! x2
* * * LOW HITPOINT WARNING * * *
Casting: Frozen Ramparts (mildly dangerous; 3% risk of failure)
Confirm with . or Enter, or press ? or * to list all spells.
Casting: Frozen Ramparts (mildly dangerous; 3% risk of failure)
Press: ? - help, Dir - look around, f - activate A stone staircase leading down, spattered with blood.
The walls around you are covered in ice.
The wall freezes the yak.
The yak gores you but does no damage.
The wall freezes the yak. x3; The yak gores you but does no damage.
The wall freezes the yak.
The yak misses you.
You hit the yak. You freeze the yak.
The yak is moderately wounded.
You barely miss the yak. x2; The wall freezes the yak!
The yak closely misses you.
The wall freezes the yak. x2; The yak gores you!
* * * LOW HITPOINT WARNING * * *
The wall freezes the yak. x2; The yak gores you.
* * * LOW HITPOINT WARNING * * *
The wall freezes the yak. x2; The yak gores you but does no damage.
The wall freezes the yak!
The yak closely misses you.
The wall freezes the yak.
The yak gores you.
* * * LOW HITPOINT WARNING * * *
The wall freezes the yak!
You feel better.
The wall freezes the yak!
The yak gores you!
* * * LOW HITPOINT WARNING * * *
The wall freezes the yak. x2; The wall freezes the yak!
The yak closely misses you.
The wall freezes the yak.
The yak closely misses you.
You hit the yak. You freeze the yak.
The yak is severely wounded.
You barely miss the yak. You hit the yak but do no damage.
The wall freezes the yak!
The yak gores you!
You die...

.# ##.### #..# ## #...#
#.P# #..## ####.##
####+..#### #.##'###
#.....>...# ##.....#
##........# #......##
#.........####.....P#
#P...[.....###Y....##
######.........#@YY....#
#.##.'........#YY#.....##
.....#........+.##......#
.#.##..........###......#
.######P.#.#+####......P#
## ###....# ##.....##
###...## ###'#### ##
##...### #...P# .#
#....## ###.##


You could see 5 yaks.

Vanquished Creatures
  Amaemon (Lair:1)
  Pikel (D:6)
  3 black mambas
  A cane toad (Lair:2)
  An orange demon (Lair:1)
  Maggie (D:6)
  A komodo dragon (Lair:1)
  7 blink frogs (Lair:1)
  Grinder (D:5)
  18 yaks
  A steam dragon (D:6)
  Menkaure (D:6)
  7 water moccasins
  2 black bears
  A sky beast (D:6)
  2 ice beasts (D:6)
  3 ogres
  A phantom (D:6)
  2 centaurs (D:8)
  A lemure (D:6)
  A gnoll sergeant (D:7)
  9 bullfrogs
  2 necrophages (D:8)
  8 scorpions
  3 killer bees (D:7)
  A howler monkey (D:4)
  4 hounds
  2 jellies
  3 gnoll boudas
  4 orc priests
  3 iguanas
  4 orc wizards
  21 gnolls
  6 adders
  A worm (D:2)
  A dart slug (D:4)
  24 orcs
  3 bats
  8 endoplasms
  6 giant cockroaches
  7 goblins
  4 hobgoblins
  A kobold (D:2)
  7 quokkas
  8 ball pythons
  5 frilled lizards
  6 rats
208 creatures vanquished.

Vanquished Creatures (others)
  33 fungi
  33 plants
66 creatures vanquished.

Grand Total: 274 creatures vanquished

Notes
Turn   | Place    | Note
-------+----------+-------------------------------------------
     0 | D:1      | avis the Demigod Ice Elementalist began the quest for the
                  | Orb.
     0 | D:1      | Reached XP level 1. HP: 14/14 MP: 5/5
     6 | D:1      | Noticed a polar bear
     6 | D:1      | Noticed a black mamba
     6 | D:1      | Noticed a hog
     7 | D:1      | Noticed a swamp worm
     7 | D:1      | Noticed an iguana
   241 | D:1      | Reached skill level 1 in Fighting
   581 | D:1      | Reached XP level 2. HP: 18/23 MP: 1/7
  1658 | D:2      | Reached XP level 3. HP: 29/29 MP: 6/8
  1662 | D:2      | Learned a level 3 spell: Ozocubu's Armour
  1954 | D:2      | Reached skill level 1 in Ranged Weapons
  2524 | D:2      | Reached skill level 2 in Ranged Weapons
  2524 | D:2      | Reached XP level 4. HP: 36/36 MP: 6/9
  2669 | D:2      | Found Tirrosh's Jewellery Boutique.
  3351 | D:3      | Identified the +7 war axe of Histuihi {freeze, Str+2}
  3393 | D:3      | Reached skill level 3 in Ranged Weapons
  3987 | D:4      | Reached XP level 5. HP: 41/41 MP: 10/10
  4000 | D:4      | Reached skill level 4 in Ranged Weapons
  4272 | D:5      | Entered Level 5 of the Dungeon
  4391 | D:5      | Reached XP level 6. HP: 51/51 MP: 4/12
  4512 | D:5      | Noticed a water moccasin
  4522 | D:5      | Killed a water moccasin
  4587 | D:5      | Learned a level 3 spell: Frozen Ramparts
  4608 | D:5      | Noticed a yak
  4615 | D:5      | Noticed a yak
  4628 | D:5      | Killed a yak
  4629 | D:5      | Reached skill level 5 in Ice Magic
  4694 | D:5      | Noticed a yak
  4695 | D:5      | Noticed a yak
  4696 | D:5      | Noticed a yak
  4704 | D:5      | Killed a yak
  4705 | D:5      | Reached skill level 5 in Ranged Weapons
  4705 | D:5      | Reached XP level 7. HP: 50/57 MP: 4/14
  4708 | D:5      | Killed a yak
  4712 | D:5      | Killed a yak
  4713 | D:5      | Reached skill level 6 in Ranged Weapons
  4713 | D:5      | Killed a yak
  4714 | D:5      | Reached skill level 7 in Ranged Weapons
  4899 | D:5      | Noticed Grinder
  5080 | D:5      | Reached XP level 8. HP: 63/63 MP: 9/15
  6113 | D:5      | Paralysed by Grinder for 2 turns
  6117 | D:5      | Killed Grinder
  6118 | D:5      | Reached skill level 8 in Ranged Weapons
  6563 | D:6      | Noticed Pikel
  6563 | D:6      | Noticed Maggie
  6573 | D:6      | Noticed Menkaure
  6575 | D:6      | Killed Maggie
  6575 | D:6      | Killed Pikel
  6576 | D:6      | Reached XP level 9. HP: 28/71 MP: 9/18
  6793 | D:6      | Killed Menkaure
  6794 | D:6      | Reached skill level 9 in Ranged Weapons
  7391 | D:6      | Found a staircase to the Ecumenical Temple.
  7764 | D:6      | Reached skill level 10 in Ranged Weapons
  7817 | Temple   | Entered the Ecumenical Temple
  8238 | D:7      | Reached skill level 5 in Spellcasting
  8567 | D:7      | Found Carpheucs's Book Shop.
 10080 | D:8      | Reached XP level 10. HP: 73/78 MP: 15/21
 10289 | D:8      | Found a staircase to the Lair.
 10565 | D:8      | Reached skill level 11 in Ranged Weapons
 11443 | Lair:1   | Entered Level 1 of the Lair of Beasts
 11444 | Lair:1   | You fall into a shaft and drop 1 floor!
 11444 | Lair:2   | Noticed a black mamba
 11451 | Lair:2   | Killed a black mamba
 11452 | Lair:2   | Reached skill level 12 in Ranged Weapons
 11839 | Lair:2   | Reached skill level 5 in Fighting
 12010 | Lair:1   | Noticed a black mamba
 12019 | Lair:1   | Killed a black mamba
 12177 | Lair:1   | Noticed a black mamba
 12182 | Lair:1   | Killed a black mamba
 12640 | Lair:1   | Noticed Amaemon
 12653 | Lair:1   | Killed Amaemon
 12654 | Lair:1   | Reached XP level 11. HP: 23/86 MP: 15/22
 13802 | Lair:1   | Reached skill level 13 in Ranged Weapons
 14220 | Lair:1   | HP: 3/86 [yak (3)]
 14222 | Lair:1   | Slain by a yak

Illustrated notes

Levels and vault maps discovered:
D:1:      onia_arrival_zoo_common, layout_basic,
          hellmonk_ecumenical_altar_lost_god, minmay_distorted
D:2:      layout_loops_corners, basic_altar, serial_shops,
          nicolae_lakefront_shop
D:3:      layout_rooms, marbit_many_paths, okawaru_metal_pillars_1_2
D:4:      layout_basic, nicolae_ru_sacrificial_ziggurat
D:5:      layout_layer_cave, uniq_grinder
D:6:      layout_cave_pools, mainiacjoe_overflow_catwalk_spiral,
          minmay_temple_entry_grid, uniq_pikel, uniq_maggie, uniq_menkaure
D:7:      layout_cave_pools, lemuel_coloured_pillars_altar,
          kennysheep_nondescript, nicolae_take_the_stairs
D:8:      layout_gridville, due_lair_maze_entry_diamond, minmay_misc_feat_five
Temple:   eino_temple_scatter_basement
Lair:1:   layout_roguey, uniq_amaemon
Lair:2:   layout_loops_ring, infiniplex_staircase_pool_2, lemuel_fruit_tree

Skill      XL: |  1  2  3  4  5  6  7  8  9 10 11 |
---------------+----------------------------------+-----
Fighting       | 1 2 3 4 5 |  5.0
Spellcasting   | 2 3 4 5 |  5.0
Ice Magic      | 4 5 6 7 8 |  8.0
Ranged Weapons | 2 3 4 5 7 8 10 12 13 | 13.3
Dodging        | |  1.7
Stealth        | |  1.7

Action                   |  1- 3 |  4- 6 |  7- 9 | 10-12 || total
-------------------------+-------+-------+-------+-------++-------
Melee: War axe           |       |     2 |   101 |    71 ||   174
       Punch             |       |       |     1 |     4 ||     5
 Fire: Sling             |    52 |    77 |   104 |       ||   233
       Shortbow          |       |       |    34 |    73 ||   107
 Cast: Freeze            |    40 |    34 |    40 |     4 ||   118
       Ozocubu's Armour  |       |     5 |    40 |    23 ||    68
       Frozen Ramparts   |       |     2 |    11 |    20 ||    33
  Use: Scroll            |       |       |     8 |     4 ||    12
       Potion            |       |       |     1 |     5 ||     6
Armor: Robe              |     2 |    16 |    33 |       ||    51
       Swamp dragon scal |       |       |    81 |    94 ||   175
Dodge: Dodged            |    16 |    25 |   138 |   104 ||   283

Table legend: (Time is in decaauts)
 A = Elapsed time spent in this place.
 B = Non-inter-level travel time spent in this place.
 C = Inter-level travel time spent in this place.
 D = Time resting spent in this place.
 E = Time spent auto-exploring this place.
 F = Levels seen in this place.
 G = Mean time per level.
                   A        B        C        D        E       F      G
               +--------+--------+--------+--------+--------+-----+--------+
         Total |  14331 |  13162 |   1169 |   6224 |   4588 |  11 | 1302.8 |
       Dungeon |  11618 |  10596 |   1022 |   4604 |   4055 |   8 | 1452.2 |
        Temple |     12 |     10 |      2 |      0 |      0 |   1 |   12.0 |
          Lair |   2700 |   2556 |    144 |   1620 |    533 |   2 | 1350.0 |
               +--------+--------+--------+--------+--------+-----+--------+

Top non-repeatable levels by time:
     D:5: 2691 daAuts
  Lair:1: 2178 daAuts
     D:8: 1868 daAuts
     D:1: 1738 daAuts
     D:7: 1613 daAuts
     D:2: 1421 daAuts
     D:6: 1040 daAuts
     D:3: 663 daAuts
     D:4: 580 daAuts
  Lair:2: 522 daAuts
  Temple: 12 daAuts
